AoeStats
← VIT Liereyy

Arabia

508415917Analyzed
1v1 RM · 10d ago on Sep 22, 2026· 26m 45s· 2 players
Game mode
Random Map
Map size
Tiny (2 player)
Population
200
Speed
Normal
Resources
Standard
Victory
Conquest
Starting age
Dark Age
Ending age
Imperial Age
RankedLock teamsTeams togetherTeam positionsShared explorationLock speedFull tech treeHidden civsTurbo modeCheats
Victory
Defeat
🇦🇹 Celts · Austria
2915
+8
2715
-8
VIT Liereyy
6:37 Loom
8:54 Feudal Age
8:56 Man-at-Arms
11:06 Arson
13:29 Fletching
20:06 Castle Age
18:21 Horse Collar
18:29 Double-Bit Axe
20:11 Crossbowman
20:47 Bodkin Arrow
21:28 Bow Saw
23:50 Gold Mining
24:58 Town Watch
26:50 Padded Archer Armor
26:54 Heavy Plow
Thành Cổ Quảng Trị
7:10 Loom
9:50 Feudal Age
11:23 Double-Bit Axe
17:01 Fishing Lines
23:35 Castle Age
24:58 Gillnets
26:21 Forging
Connection lost

Rejoining the realm…

Still unreachable

The connection could not be restored.

Session expired

The server has moved on; the page needs a fresh start.